Map: Verschneite Hochebene

Players

RiseAgainst - Winner!

  • Race: Terran Terran
  • League: Diamond
  • Spawn Location: 12:00

Panda - Winner!

  • Race: Zerg Zerg
  • Spawn Location: 12:00

Happy

  • Race: Zerg Zerg
  • Spawn Location: 6:00

Avaruz

  • Race: Zerg Zerg
  • Spawn Location: 6:00

VOD

Have the link to the VOD?

Description

Time

  • Played on: Aug. 29, 2017, 4:03 p.m.
  • Length: 14:29
Show
View Real Time Build Order
Export as new Build Order

RiseAgainst Terran - Winner!

Build Orders: Reaper Expand, MMM Bio 

Get SALT Encoding   

  12  0:00  SCV  
  13  0:13  SCV  
  14  0:17  Supply Depot  
  14  0:25  SCV  
  15  0:38  SCV  
  15  0:40  Barracks  
  16  0:45  Refinery  
  16  0:50  SCV  
  17  1:03  SCV  
  18  1:15  SCV  
  19  1:28  Orbital Command  
  19  1:29  Reaper  
  20  1:45  Command Center  
  20  1:54  SCV  
  20  1:59  Supply Depot  
  21  2:09  SCV  
  21  2:12  Factory  
  22  2:21  SCV  
  23  2:24  Barracks Reactor  
  22  2:35  SCV  
  23  2:49  Barracks, Refinery  
  23  2:50  SCV  
  24  3:02  SCV  
  24  3:18  Factory  
  24  3:20  Hellion x2, Barracks Tech Lab  
  24  3:26  Orbital Command  
  28  3:27  SCV  
  29  3:39  Supply Depot  
  29  3:40  SCV  
  29  3:41  Marine x2  
  31  3:44  Hellion x2  
  31  3:47  Stimpack  
  36  3:52  SCV  
  36  3:53  SCV  
  38  4:00  Marine x2  
  40  4:04  SCV  
  40  4:06  Factory Tech Lab  
  40  4:07  Hellion x2  
  45  4:10  Supply Depot  
  45  4:12  SCV  
  46  4:20  Barracks Reactor  
  46  4:24  Marine  
  46  4:26  Hellion  
  46  4:28  Starport  
  46  4:29  SCV x2  
  51  4:33  Supply Depot  
  51  4:41  SCV  
  51  4:42  SCV, Refinery  
  51  4:43  Refinery  
  51  4:45  Hellion  
  55  5:04  SCV x2  
  57  5:07  Marine x2  
  57  5:08  Marauder  
  57  5:13  Barracks  
  61  5:16  SCV  
  61  5:17  Hellion  
  64  5:24  SCV  
  64  5:26  Marine x2  
  64  5:27  Medivac  
  69  5:32  Supply Depot  
  69  5:33  Supply Depot  
  69  5:35  Engineering Bay  
  69  5:53  Widow Mine x2  
  69  5:54  Medivac, Marauder  
  77  6:08  SCV x2  
  79  6:21  Marine x2  
  79  6:22  Marauder  
  79  6:24  Terran Infantry Weapons Level 1  
  83  6:28  Barracks, Engineering Bay  
  83  6:30  Barracks, Medivac x2  
  83  6:32  SCV x2  
  85  6:43  Combat Shields  
  85  6:44  SCV, Barracks Reactor  
  85  6:46  Command Center  
  86  6:47  Factory Reactor  
  86  6:55  Supply Depot  
  86  6:56  Terran Infantry Armor Level 1  
  86  7:11  Marine x2  
  86  7:14  Armory  
  86  7:17  Marine, SCV  
  79  7:30  Marine x2, Marauder  
  79  7:35  Siege Tank  
  85  7:46  Factory Tech Lab  
  85  7:49  Marine  
  85  7:50  Marine x6  
  90  7:51  Marauder  
  90  7:55  Medivac  
  92  8:00  Supply Depot  
  92  8:02  Command Center  
  92  8:04  Orbital Command  
  92  8:07  Marine, SCV  
  92  8:11  SCV  
  95  8:15  Barracks Reactor  
  95  8:16  Marine x3  
  95  8:19  SCV  
  99  8:21  Siege Tank  
  99  8:23  SCV  
  103  8:29  Siege Tank  
  103  8:30  Marine  
  103  8:31  SCV  
  108  8:34  Terran Infantry Weapons Level 2  
  108  8:35  SCV  
  109  8:43  SCV  
  110  8:53  Marine x2  
  110  8:54  Marine x3, Marauder  
  117  9:02  Supply Depot x2  
  117  9:03  Supply Depot, Terran Infantry Armor Level 2  
  117  9:05  Terran Vehicle Weapons Level 1  
  117  9:08  Marine  
  117  9:09  Marine  
  117  9:10  Marine  
  117  9:13  Marine  
  117  9:14  Marine  
  117  9:15  Marauder  
  120  9:31  Marine x5  
  120  9:32  Marine x3  
  120  9:33  Siege Tank x2  
  120  9:35  Medivac x2  
  131  9:52  Marine  
  125  9:53  Marine x8  
  125  9:57  Supply Depot  
  125  9:59  Supply Depot  
  131  10:01  Supply Depot  
  131  10:02  Orbital Command  
  131  10:05  Siege Tank  
  131  10:06  Siege Tank  
  137  10:08  SCV x3  
  137  10:10  Marine  
  137  10:12  Refinery  
  141  10:15  Marine x3  
  141  10:20  SCV  
  145  10:23  Marine x3  
  145  10:28  Marine x2  
  150  10:47  Marine x4  
  151  11:05  Marine x4  
  151  11:06  Marine x5  
  151  11:08  Terran Infantry Weapons Level 3  
  138  11:23  Marine x6  
  138  11:24  Marine x3  
  138  11:25  Siege Tank x2  
  130  11:31  Terran Infantry Armor Level 3  
  113  11:40  Medivac x2  
  113  11:41  Marine x6  
  123  11:49  Marine x3  
  126  11:57  Siege Tank x2  
  126  11:58  Supply Depot x2, Marine  
  126  11:59  Supply Depot, Marine x3  
  126  12:01  Marine x2  
  137  12:07  Marine x2  
  140  12:10  Viking x2  
  144  12:17  Command Center  
  144  12:28  Starport  
  144  12:29  Siege Tank x2  
  131  12:51  Marine, Marauder  
  131  12:52  Marine x7  
  116  13:01  Siege Tank  
  111  13:07  Siege Tank  
  111  13:08  Medivac x2  
  111  13:09  Marine x3  
  111  13:10  Marine x5  
  123  13:13  Marauder  
  94  13:27  Marine x4  
  94  13:28  Marine x2  
  94  13:29  Marine x2  
  94  13:34  Siege Tank, Marauder  
  96  13:38  Medivac  
  96  13:39  Medivac, Siege Tank  
  92  13:45  Marine x6  
  51  14:07  Marine x5  
Show
View Real Time Build Order
Export as new Build Order

Panda Zerg - Winner!

Build Orders: Pool First 

Get SALT Encoding   

  12  0:01  Drone  
  13  0:12  Overlord  
  13  0:17  Drone  
  14  0:34  Extractor  
  13  0:45  Spawning Pool, Drone  
  13  0:46  Drone  
  14  1:10  Drone x3  
  17  1:26  Hatchery  
  17  1:31  Drone  
  17  1:41  Metabolic Boost  
  17  1:48  Queen  
  19  2:05  Zergling x6  
  22  2:17  Overlord  
  22  2:32  Overlord  
  22  2:37  Queen  
  22  2:38  Drone  
  25  2:48  Drone x2  
  27  2:54  Drone  
  28  3:00  Drone x2  
  27  3:20  Spine Crawler  
  26  3:28  Drone x2  
  26  3:33  Evolution Chamber  
  27  3:42  Spine Crawler  
  27  3:45  Drone x4  
  27  3:48  Overlord x2  
  30  3:55  Baneling Nest  
  29  3:56  Overlord  
  29  3:57  Overlord  
  29  4:07  Drone x3  
  32  4:13  Queen, Evolution Chamber  
  33  4:17  Drone x3  
  33  4:22  Drone  
  37  4:28  Lair  
  37  4:29  Drone x3  
  40  4:36  Drone  
  41  4:50  Spore Crawler, Zergling x2  
  41  4:51  Zergling x4  
  43  5:02  Drone x5  
  43  5:05  Queen, Extractor  
  49  5:12  Drone x3  
  52  5:14  Extractor  
  52  5:15  Extractor  
  52  5:19  Hatchery  
  49  5:29  Roach Warren  
  49  5:35  Zerg Ground Armor Level 1  
  48  5:43  Drone x5  
  53  6:09  Zerg Missile Weapons Level 1  
  53  6:10  Glial Reconstitution  
  53  6:11  Overlord x3  
  53  6:12  Overlord  
  53  6:15  Drone x3  
  54  6:30  Roach x8  
  70  6:42  Queen, Drone x2  
  74  6:59  Infestation Pit  
  73  7:08  Roach x9  
  91  7:17  Spine Crawler  
  91  7:19  Spine Crawler  
  91  7:30  Roach x8  
  101  7:54  Pathogen Glands  
  101  7:57  Unknown  
  101  8:21  Overlord x4  
  101  8:55  Drone x6  
  107  8:58  Infestor  
  107  8:59  Infestor x5  
  119  9:15  Drone x4  
  123  9:19  Extractor x2  
  121  9:29  Overseer  
  121  9:36  Infestor x2  
  125  9:39  Overlord x5  
  125  10:11  Zerg Missile Weapons Level 2  
  125  10:13  Zerg Ground Armor Level 2  
  125  10:16  Infestor  
  75  11:28  Roach  
  75  11:33  Infestor x4  
  75  11:34  Roach  
  75  11:35  Roach x7, Zergling x6  
  102  11:46  Hatchery  
  101  12:00  Hive  
  101  12:40  Hatchery  
  78  12:59  Hatchery  
  78  13:01  Roach  
  78  13:02  Roach x11  
  85  13:10  Drone x2  
  85  13:17  Infestor x2  
  71  13:38  Infestor  
  71  13:39  Infestor x3  
  57  14:15  Drone  
Show
View Real Time Build Order
Export as new Build Order

Happy Zerg 

Build Orders: Pool First 

Get SALT Encoding   

  12  0:01  Drone  
  13  0:09  Drone  
  14  0:17  Overlord  
  14  0:28  Extractor  
  14  0:29  Drone  
  14  0:36  Drone  
  15  0:49  Spawning Pool  
  14  0:51  Drone  
  14  0:52  Drone  
  16  1:20  Hatchery  
  15  1:27  Drone  
  15  1:28  Drone  
  17  1:35  Metabolic Boost  
  17  1:46  Zergling x2  
  18  1:50  Queen  
  20  2:11  Overlord  
  20  2:14  Zergling x2  
  21  2:18  Drone  
  22  2:32  Queen  
  22  2:34  Drone x3  
  27  2:47  Zergling x4  
  29  2:55  Drone  
  29  2:56  Drone  
  31  3:04  Spine Crawler  
  30  3:08  Queen, Zergling x8  
  34  3:18  Overlord  
  35  3:26  Overlord  
  35  3:35  Pneumatized Carapace  
  35  3:54  Roach Warren  
  35  3:55  Drone x8  
  42  4:15  Spore Crawler  
  41  4:17  Spore Crawler  
  41  4:21  Drone x8  
  41  4:22  Drone  
  49  4:53  Hatchery  
  49  4:58  Roach  
  49  4:59  Overlord x4  
  50  5:01  Overlord  
  50  5:04  Extractor  
  49  5:10  Lair  
  49  5:24  Roach x3  
  49  5:25  Roach x2  
  59  5:33  Drone x4  
  59  5:35  Extractor  
  62  5:36  Extractor  
  61  5:50  Overlord x2  
  61  5:51  Overlord  
  61  6:05  Roach  
  61  6:06  Roach x8  
  61  6:09  Roach  
  80  6:24  Drone  
  80  6:25  Drone x3  
  84  6:28  Glial Reconstitution  
  84  6:31  Drone  
  84  6:32  Infestation Pit, Drone x5  
  89  6:48  Drone x5  
  94  7:09  Extractor  
  94  7:10  Extractor, Drone x3  
  95  7:18  Overseer  
  86  7:30  Roach  
  86  7:31  Roach x11  
  106  7:42  Overlord x3  
  106  7:43  Evolution Chamber x2  
  104  7:58  Roach  
  106  8:00  Overlord x4  
  106  8:05  Drone x2  
  108  8:06  Drone x3  
  108  8:07  Drone  
  108  8:10  Queen  
  108  8:12  Zerg Ground Armor Level 1, Infestor, Zerg Missile Weapons Level 1  
  114  8:13  Infestor  
  114  8:15  Hive  
  120  8:34  Roach x6, Hatchery  
  129  8:43  Roach x7  
  134  9:30  Spore Crawler  
  133  9:31  Spine Crawler  
  133  9:32  Spore Crawler  
  133  9:34  Roach  
  133  9:35  Roach x12  
  157  9:41  Queen  
  151  9:59  Roach  
  153  10:00  Roach x3  
  153  10:01  Overlord x3  
  159  10:15  Overlord x5  
  159  10:18  Queen  
  159  10:20  Drone  
  163  10:21  Drone x5  
  165  10:46  Roach  
  165  10:47  Roach x9  
  181  10:55  Roach x3  
  181  10:56  Roach x4  
  195  11:06  Roach  
  195  11:07  Roach  
  157  11:18  Roach  
  157  11:19  Roach x7  
  135  11:30  Infestor x4  
  135  11:31  Infestor  
  99  11:33  Roach x3  
  105  11:45  Roach  
  105  11:46  Roach x3  
  113  11:53  Roach x3  
  119  11:54  Roach  
  119  11:58  Overseer  
  121  12:02  Roach x2  
  121  12:04  Roach  
  121  12:07  Roach x4  
  135  12:10  Roach x3, Zerg Missile Weapons Level 2, Zerg Ground Armor Level 2  
  135  12:12  Roach x3  
  147  12:18  Roach x4  
  147  12:22  Ravager x5  
  161  12:23  Ravager x8  
  161  12:24  Ravager  
  169  12:35  Roach x7  
  144  13:10  Roach  
  144  13:11  Roach x21  
  172  13:28  Roach x2  
  172  13:29  Roach x3  
Show
View Real Time Build Order
Export as new Build Order

Avaruz Zerg 

Build Orders: Hatch First 

Get SALT Encoding   

  12  0:01  Drone  
  13  0:12  Overlord  
  13  0:17  Drone  
  14  0:30  Drone x2  
  16  0:51  Hatchery  
  16  0:54  Drone  
  16  1:13  Spawning Pool, Drone  
  16  1:21  Drone x2  
  18  1:27  Drone  
  19  1:40  Drone  
  19  1:42  Extractor  
  19  1:49  Overlord  
  19  2:04  Queen, Drone  
  19  2:05  Queen  
  24  2:16  Drone x3  
  28  2:22  Drone  
  28  2:32  Extractor  
  28  2:34  Drone x2  
  29  2:44  Overlord  
  29  2:46  Drone x2  
  29  2:49  Queen  
  29  2:51  Queen  
  33  2:54  Drone  
  36  3:19  Drone x2  
  41  3:20  Drone x3  
  41  3:21  Extractor  
  41  3:22  Extractor  
  39  3:29  Lair  
  39  3:33  Drone x5  
  44  3:34  Extractor  
  43  3:51  Drone  
  44  3:56  Evolution Chamber x2  
  44  4:02  Overlord  
  42  4:26  Zerg Ground Armor Level 1, Zerg Missile Weapons Level 1  
  42  4:27  Spore Crawler  
  42  4:29  Spore Crawler  
  40  4:34  Spine Crawler  
  39  4:41  Hydralisk Den  
  39  4:44  Roach Warren  
  39  4:45  Drone x11  
  48  5:01  Spine Crawler  
  48  5:03  Drone x4  
  51  5:30  Overlord x2  
  51  5:31  Overlord x3  
  51  5:34  Muscular Augments  
  51  6:09  Hydralisk x13  
  77  6:21  Hydralisk  
  77  6:22  Hydralisk  
  81  6:37  Zerg Missile Weapons Level 2, Infestation Pit  
  80  6:50  Hatchery  
  80  6:54  Extractor  
  78  6:55  Extractor  
  78  6:58  Drone x3  
  78  6:59  Drone x3  
  83  7:12  Hydralisk x2  
  87  7:39  Drone x5  
  92  8:04  Hive, Spore Crawler  
  92  8:05  Spore Crawler, Infestor x3  
  90  8:08  Overlord x2  
  97  8:12  Drone  
  97  8:13  Drone  
  97  8:19  Hatchery  
  97  8:21  Overlord x3  
  97  8:31  Spine Crawler  
  97  8:32  Spine Crawler, Zerg Ground Armor Level 2  
  95  8:39  Drone x6  
  101  8:52  Overlord x3  
  101  8:56  Glial Reconstitution  
  101  9:17  Drone x3  
  101  9:18  Drone x4  
  101  9:19  Overlord  
  101  9:20  Overlord  
  104  9:59  Hydralisk x8  
  102  10:02  Viper x4  
  102  10:04  Overlord x3  
  102  10:05  Roach x3  
  134  10:45  Hydralisk  
  134  10:49  Overlord  
  134  10:50  Overlord x3  
  129  11:24  Roach  
  129  11:25  Roach x8  
  141  11:33  Roach  
  143  11:42  Roach x2  
  143  11:44  Hatchery  
  146  11:55  Hydralisk x4  
  146  11:58  Hatchery  
  153  12:10  Hydralisk x5  
  163  12:23  Roach  
  163  12:24  Roach x6  
  148  13:02  Roach x11  
  143  13:44  Hydralisk x8  
  157  14:09  Roach x7  
  173  14:10  Roach  
  173  14:14  Hatchery  
Tags
 
Add a new tag
Caveats
  • Supply blocks, unpowered buildings, or Contaminate may cause inaccurate times.
  • Supply counts are checked every 10 seconds.